 Dungeon Crawl Stone Soup version 0.27-a0-333-gfa571bf19a (webtiles) character file.

Game seed: 8607776891803020839

1 willcat the Gusty (level 1, 0/13 HPs)
             Began as a Demonspawn Air Elementalist on Feb 13, 2021.
             Slain by a bat (1 damage)
             ... on level 1 of the Dungeon.
             The game lasted 00:00:18 (36 turns).

willcat the Gusty (Demonspawn Air Elementalist)       Turns: 36, Time: 00:00:18

Health: 0/13       AC:  2    Str:  8    XL:     1   Next: 16%
Magic:  1/3        EV: 12    Int: 16    God:
Gold:   0          SH:  0    Dex: 13    Spells: 3/4 levels left

rFire    . . .     SeeInvis .   (no weapon)
rCold    . . .     Faith    .   (no shield)
rNeg     . . .     Spirit   .   a - +0 robe
rPois    .         Reflect  .   (no helmet)
rElec    .         Harm     .   (no cloak)
rCorr    .         Rampage  .   (no gloves)
Will     .....                  (no boots)
Stlth    ++........             (no amulet)
HPRegen  0.04/turn              (no ring)
MPRegen  0.08/turn              (no ring)

@: no status effects
A: no striking features
a: no special abilities


You were on level 1 of the Dungeon.
You visited 1 branch of the dungeon, and saw 1 of its levels.

Inventory:

Armour
 a - a +0 robe (worn)


   Skills:
 - Level 1.7 Dodging
 - Level 1.7 Stealth
 + Level 2.0 Spellcasting
 + Level 1.0 Conjurations
 + Level 2.7 Air Magic


You had 3 spell levels left.
You knew the following spells:

 Your Spells              Type           Power        Failure   Level
a - Shock                 Conj/Air       28%          10%         1

Your spell library contained the following spells:

 Spells                   Type           Power        Failure   Level
 Swiftness                Air            10%          11%         2
 Static Discharge         Conj/Air       7%           28%         3
 Airstrike                Air            5%           56%         4
 Lightning Bolt           Conj/Air       3%           95%         5


Dungeon Overview and Level Annotations

Branches:
Dungeon (1/15)

Altars:


Message History

A hobgoblin comes into view.
A goblin comes into view. It is wielding a +0 hand axe.
There is a large open door here.
You closely miss the hobgoblin. The hobgoblin closely misses you.
The hobgoblin hits you.
There is a large open door here.
Things that are here:
a +0 club; a hobgoblin corpse
There is a fountain of clear blue water here.
There is a staircase leading out of the dungeon here.
Casting: Shock (safe; 10% risk of failure)
Confirm with . or Enter, or press ? or * to list all spells.
Aiming: Shock (safe; 10% risk of failure)
Press: ? - help, Shift-Dir - straight line, f - hobgoblin
Aim: a hobgoblin (32% to evade)
The zap hits the hobgoblin.
The hobgoblin is moderately wounded.
The zap hits the goblin.
The goblin is severely wounded.
There is a fountain of clear blue water here.
You open the large door. The hobgoblin hits you.
There is a large open door here.
There is a large open door here.
A rat comes into view.
Found 14 gold pieces.
Found a scratched cabochon ring.
Found 12 gold pieces.
The hobgoblin hits you.
* * * LOW HITPOINT WARNING * * *
Found a thick soapstone amulet. 2 bats and a rat come into view.
The bat hits you.
* * * LOW HITPOINT WARNING * * *
The bat hits you.
* * * LOW HITPOINT WARNING * * *
The bat hits you but does no damage.
You aren't carrying any scrolls.
The bat barely misses you. x2
The bat hits you.
You die...

......8...........##
...#####..........."
. ..# # #.#.......##
#.. #
....#........#...
..##..r...g.....r.
.........###g..###.
#######.$# #..b#
#.=###...###.
#....@........
#....b........
#............#
#..###...###.# #..
#...# .# #. #...# #
# ..... ..###


You could see a hobgoblin, a goblin and 2 bats.

Vanquished Creatures
  A hobgoblin (D:1)
1 creature vanquished.

Notes
Turn   | Place    | Note
-------+----------+-------------------------------------------
     0 | D:1      | willcat the Demonspawn Air Elementalist began the quest for
                  | the Orb.
     0 | D:1      | Reached XP level 1. HP: 13/13 MP: 3/3
    36 | D:1      | Slain by a bat

Illustrated notes

Levels and vault maps discovered:
D:1:      grunt_arrival_crossed_arrows, layout_rooms, minmay_misc_feat_cross

Action                   || total
-------------------------++-------
Melee: Unarmed           ||     1
 Cast: Shock             ||     4
Armor: Robe              ||     1
Dodge: Dodged            ||     3

Table legend: (Time is in decaauts)
 A = Elapsed time spent in this place.
 B = Non-inter-level travel time spent in this place.
 C = Inter-level travel time spent in this place.
 D = Time resting spent in this place.
 E = Time spent auto-exploring this place.
 F = Levels seen in this place.
 G = Mean time per level.
                   A        B        C        D        E       F      G
               +--------+--------+--------+--------+--------+-----+--------+
         Total |     36 |     36 |      0 |      0 |      3 |   1 |   36.0 |
       Dungeon |     36 |     36 |      0 |      0 |      3 |   1 |   36.0 |
               +--------+--------+--------+--------+--------+-----+--------+

Top non-repeatable levels by time:
     D:1: 36 daAuts
